 Dungeon Crawl Stone Soup version 0.30-a0-305-g026cb31310 (webtiles) character file.

Game seed: 1683385100836181951

804 greasedhog the Cudgeller (level 7, -3/44 HPs)
             Began as a Gargoyle Cinder Acolyte on Oct 23, 2022.
             Was a High Priest of Ignis.
             Slain by an ogre
             ... wielding a +0 giant club
              (17 damage)
             ... on level 5 of the Dungeon.
             The game lasted 00:04:56 (3990 turns).

greasedhog the Cudgeller (Gargoyle Cinder Acolyte)  Turns: 3990, Time: 00:04:57

Health: -3/44      AC: 23    Str: 19    XL:     7   Next: 91%
Magic:  8/8        EV: 11    Int: 18    God:    Ignis [*****.]
Gold:   236        SH:  0    Dex:  5    Spells: 8/8 levels left

rFire   + . .      SeeInvis .    d - +5 club
rCold   . . .      Faith    .    (no shield)
rNeg    + . .      Spirit   .    t - +9 ring mail "Neyzuodaeh" {Int+3}
rPois   ∞          Reflect  .    g - +0 helmet
rElec   +          Harm     .    a - +0 cloak
rCorr   .          Rampage  .    (no gloves)
Will    .....                    n - +0 pair of boots
Stlth   ..........               (no amulet)
HPRegen 0.27/turn                (no ring)
MPRegen 0.11/turn                (no ring)

@: no status effects
A: sickness immunity, AC +4, negative energy resistance 1, electricity
resistance, torment resistance 1, petrification resistance
a: Renounce Religion, Fiery Armour, Foxfire Swarm, Rising Flame


You were on level 5 of the Dungeon.
You worshipped Ignis.
Ignis was extremely pleased with you.
You visited 1 branch of the dungeon, and saw 5 of its levels.

You collected 236 gold pieces.

Inventory:

Hand Weapons
 d - a +5 club (weapon)
 e - a +0 whip of electrocution
Armour
 a - a +0 cloak (worn)
 g - a +0 helmet (worn)
 n - a +0 pair of boots (worn)
 t - the +9 ring mail "Neyzuodaeh" (worn) {Int+3}
   (You took it off an orc on level 5 of the Dungeon)

   Int:       It affects your intelligence (+3).
Scrolls
 c - a scroll of blinking
 f - a scroll of enchant weapon
 k - a scroll of poison {unknown}
 l - a scroll of immolation {unknown}
 o - a scroll of magic mapping {unknown}
 q - a scroll of identify
 s - a scroll of teleportation {unknown}
Potions
 h - 5 potions of curing
 i - a potion of flight {unknown}
 m - a potion of heal wounds {unknown}
 p - 4 potions of brilliance {unknown}
 r - a potion of cancellation {unknown}


   Skills:
 - Level 5.0 Fighting
 * Level 5.8 Maces & Flails
 * Level 5.1 Armour
 * Level 2.6 Dodging
 - Level 1.0 Spellcasting
 - Level 3.0 Fire Magic


You had 8 spell levels left.
You didn't know any spells.
Your spell library contained the following spells:

 Spells                   Type           Power      Damage    Failure   Level
 Scorch                   Fire           22%        2d6       14%         2
 Apportation              Tloc           0%         N/A       32%         1
 Magic Dart               Conj           0%         1d3       32%         1
 Call Imp                 Summ           0%         N/A       43%         2
 Ensorcelled Hibernation  Hex/Ice        0%         N/A       43%         2
 Dazzling Flash           Conj/Hex       0%         N/A       67%         3
 Mephitic Cloud           Conj/Pois/Air  0%         N/A       67%         3
 Spider Form              Tmut/Pois      0%         N/A       67%         3
 Anguish                  Hex/Necr       0%         N/A       97%         4
 Agony                    Necr           0%         N/A       100%        5
 Alistair's Intoxication  Tmut/Pois      0%         N/A       100%        5
 Silence                  Hex/Air        0%         N/A       100%        5


Dungeon Overview and Level Annotations

Branches:
Dungeon (5/15)
 Temple: D:4-7

Altars:
Ashenzari
Elyvilon
Fedhas
Nemelex Xobeh
Qazlal
Vehumet


Innate Abilities, Weirdness & Mutations

You are immune to sickness and miasma.
Your stone body is resilient. (AC +4)
You are immune to poison.
You resist negative energy. (rN+)
You are resistant to electric shocks. (rElec)
You are resistant to unholy torment.
You are immune to petrification.


Message History

The adder is moderately wounded.
The adder misses you.
You hit the adder.
The adder is heavily wounded.
The adder bites you.
You barely miss the adder.
The adder is heavily wounded.
The adder closely misses you. The adder bites you but does no damage.
You miss the adder.
The adder is heavily wounded.
The adder bites you but does no damage.
You sock the adder!
You kill the adder!
The orc throws a boomerang.
The boomerang hits you but does no damage.
You barely miss the orc. The orc barely misses you.
You completely miss the orc. The orc hits you but does no damage.
You hit the orc.
The orc is heavily wounded.
The orc hits you but does no damage.
You closely miss the orc.
The orc is heavily wounded.
The orc hits you with a +0 falchion.
You hit the orc.
You kill the orc!
You sock the orc!
You kill the orc!
You hit the ogre.
The ogre is moderately wounded.
The ogre hits you but does no damage.
You hit the ogre.
The ogre is moderately wounded.
You sock the ogre!
The ogre is severely wounded.
The ogre hits you with a +0 giant club!
* * * LOW HITPOINT WARNING * * *
You hit the ogre but do no damage.
The ogre is severely wounded.
The ogre hits you with a +0 giant club!
You die...

###........ ..# .# #
######### #.##.## #
#.....# # #..... #
############....# #
#..........#.##.# #
#..........'o...#####. #
#..........#O#.......^
#####..........#@#o.......
.................#oo.(....
.......######...##O.......
.......# #...##........
.......### #...##........
.........# #...##........
##.......# #...##########
##.......# #...#
##.......# #####


You could see an ogre and an orc.

Vanquished Creatures
  Sigmund (D:2)
  An ogre (D:5)
  A scorpion (D:4)
  A necrophage (D:5)
  A hound (D:5)
  Crazy Yiuf (D:2)
  3 jellies
  Jessica (D:2)
  Terence (D:2)
  2 iguanas
  10 adders
  An ufetubus (D:5)
  2 worms
  3 dart slugs
  14 orcs
  A bat skeleton (D:2)
  A bat zombie (D:2)
  4 endoplasms
  4 giant cockroaches
  15 goblins
  7 hobgoblins
  5 kobolds
  4 quokkas
  3 ball pythons
  A ball python skeleton (D:2)
  2 ball python zombies (D:2)
  5 bats
  3 frilled lizards
  5 rats
  A bush (D:1)
104 creatures vanquished.

Vanquished Creatures (others)
  A plant (D:1)
  2 withered plants (D:2)
3 creatures vanquished.

Grand Total: 107 creatures vanquished

Notes
Turn   | Place    | Note
-------+----------+-------------------------------------------
     0 | D:1      | greasedhog the Gargoyle Cinder Acolyte began the quest for
                  | the Orb.
     0 | D:1      | Reached XP level 1. HP: 14/14 MP: 2/2
   248 | D:1      | Reached XP level 2. HP: 5/19 MP: 3/3
   636 | D:1      | Reached skill level 1 in Armour
   754 | D:1      | Reached XP level 3. HP: 24/24 MP: 4/4
  1149 | D:2      | Noticed Jessica
  1192 | D:3      | Reached XP level 4. HP: 7/29 MP: 5/5
  1389 | D:2      | Found a radiant altar of Vehumet.
  1514 | D:2      | Killed Jessica
  1553 | D:2      | Noticed Sigmund
  1568 | D:2      | Killed Sigmund
  1569 | D:2      | Reached skill level 5 in Fighting
  1569 | D:2      | Reached XP level 5. HP: 19/35 MP: 6/6
  1569 | D:2      | Reached XP level 6. HP: 22/40 MP: 7/7
  1689 | D:2      | Noticed Terence
  1715 | D:2      | Killed Terence
  1924 | D:2      | Found a runed translucent door.
  1925 | D:2      | Noticed Crazy Yiuf
  2152 | D:2      | Killed Crazy Yiuf
  2375 | D:3      | Reached skill level 1 in Dodging
  2886 | D:3      | Reached skill level 5 in Maces & Flails
  2965 | D:4      | Found a broken altar of Ashenzari.
  2971 | D:4      | Found a blossoming altar of Fedhas.
  3019 | D:4      | Reached XP level 7. HP: 43/44 MP: 8/8
  3119 | D:4      | Found a stormy altar of Qazlal.
  3370 | D:4      | Found a white marble altar of Elyvilon.
  3424 | D:4      | Found a sparkling altar of Nemelex Xobeh.
  3657 | D:5      | Entered Level 5 of the Dungeon
  3893 | D:5      | Identified the +9 ring mail "Neyzuodaeh" {Int+3}
  3968 | D:5      | Reached skill level 5 in Armour
  3990 | D:5      | Slain by an ogre

Illustrated notes

Levels and vault maps discovered:
D:1:      dpeg_arrival_rhombus, layout_loops_ring, serial_forest,
          infiniplex_forest_straight_4, infiniplex_forest_zigzag_1,
          infiniplex_forest_clump_medium, infiniplex_forest_clump_curved,
          infiniplex_forest_lined_ring, infiniplex_forest_join,
          infiniplex_forest_clump_curved, infiniplex_forest_side_room
D:2:      layout_basic, basic_altar, serial_undead, serial_undead_f,
          serial_undead_b, serial_undead_f, serial_undead_b, serial_undead_f,
          serial_undead_e, serial_undead_f, uniq_crazy_yiuf_cottage,
          uniq_sigmund, uniq_jessica, uniq_terence
D:3:      layout_basic, minmay_surrounded
D:4:      layout_basic, mainiacjoe_overflow_concentric_impassable,
          jmf_multi_god_temple, mainiacjoe_overflow_tiny_flanked,
          grunt_qazlal_sundering, minivault_27
D:5:      layout_basic, hangedman_decor_points, uniq_menkaure

Skill      XL: |  1  2  3  4  5  6  7 |
---------------+----------------------+-----
Armour         | 1 3 4 5 |  5.1
Fighting       | 4 5 |  5.0
Maces & Flails | 4 5 |  5.8
Dodging        | 1 2 |  2.6
Spellcasting   | |  1.0
Fire Magic     | |  3.0

Action                   |  1- 3 |  4- 6 |  7- 9 || total
-------------------------+-------+-------+-------++-------
Melee: Mace              |    65 |       |       ||    65
       Whip              |   101 |    39 |       ||   140
       Punch             |     1 |     3 |     2 ||     6
       Club              |       |   155 |   115 ||   270
Invok: Fiery Armour      |     1 |     1 |       ||     2
  Use: Scroll            |     3 |       |     1 ||     4
       Potion            |       |     3 |       ||     3
Armor: Robe              |    37 |       |       ||    37
       Chain mail        |    38 |   115 |    54 ||   207
       Ring mail         |       |       |    27 ||    27
Dodge: Dodged            |   112 |    62 |    62 ||   236

Table legend: (Time is in decaauts)
 A = Elapsed time spent in this place.
 B = Non-inter-level travel time spent in this place.
 C = Inter-level travel time spent in this place.
 D = Time resting spent in this place.
 E = Time spent auto-exploring this place.
 F = Levels seen in this place.
 G = Mean time per level.
                   A        B        C        D        E       F      G
               +--------+--------+--------+--------+--------+-----+--------+
         Total |   4010 |   3881 |    129 |    202 |   2756 |   5 |  802.0 |
       Dungeon |   4010 |   3881 |    129 |    202 |   2756 |   5 |  802.0 |
               +--------+--------+--------+--------+--------+-----+--------+

Top non-repeatable levels by time:
     D:1: 1070 daAuts
     D:2: 980 daAuts
     D:3: 896 daAuts
     D:4: 728 daAuts
     D:5: 334 daAuts
